 Dungeon Crawl Stone Soup version 0.31-a0-210-gccc998df9b (webtiles) character file.

Game seed: 4467673313237011786

149 qw the Shooter (level 5, -6/44 HPs)
             Began as a Minotaur Hexslinger on June 30, 2023.
             Mangled by a gnoll
             ... wielding a +0 halberd
              (10 damage)
             ... on level 3 of the Dungeon.
             The game lasted 00:00:55 (2118 turns).

qw the Shooter (Minotaur Hexslinger)                Turns: 2118, Time: 00:00:56

Health: -6/44      AC:  5    Str: 12    XL:     5   Next: 9%
Magic:  5/5        EV: 11    Int: 10    God:
Gold:   48         SH:  0    Dex: 15    Spells: 5/6 levels left

rFire   . . .        Y - +1 sling
rCold   . . .        (no shield)
rNeg    . . .        d - +0 ring mail
rPois   .            (helmet restricted)
rElec   .            (no cloak)
rCorr   .            (no gloves)
SInv    .            (no boots)
Will    .....        (no amulet)
Stlth   +            (no ring)
HPRegen 0.27/turn    (no ring)
MPRegen 0.09/turn

%: no passive effects
@: about to teleport
A: horns 2, retaliatory headbutt
a: no special abilities


You were on level 3 of the Dungeon.
You visited 1 branch of the dungeon, and saw 3 of its levels.

You collected 139 gold pieces.
You spent 91 gold pieces at shops.


Innate Abilities, Weirdness & Mutations

You have a pair of horns on your head.
You reflexively headbutt those who attack you in melee.


   Skills:
 + Level 2.9 Fighting
 - Level 5.0 Ranged Weapons
 - Level 1.4 Armour
 - Level 2.1 Dodging
 - Level 1.0 Spellcasting
 - Level 2.0 Hexes


You had 5 spell levels left.
You knew the following spells:

 Your Spells              Type           Power      Damage    Failure   Level
a - Slow                  Hex            16%        N/A       32%         1

Your spell library contained the following spells:

 Spells                   Type           Power      Damage    Failure   Level
 Inner Flame              Hex/Fire       2%         N/A       83%         3
 Portal Projectile        Hex/Tloc       4%         N/A       83%         3
 Cause Fear               Hex            2%         N/A       97%         4

Inventory:

Hand Weapons
 Y - a +1 sling (weapon)
Armour
 d - a +0 ring mail (worn)
Scrolls
 a - a scroll of teleportation
 h - a scroll of identify
Potions
 b - a potion of curing
 c - a potion of degeneration {unknown}
 e - 2 potions of resistance {unknown}
 f - a potion of heal wounds {unknown}
 g - a potion of mutation {unknown}
 i - a potion of haste {unknown}
 j - a potion of magic {unknown}

Dungeon Overview and Level Annotations

Branches:
Dungeon (3/15)

Altars:

Shops:
D:3 *

Annotations:
D:2 1 runed translucent door, Crazy Yiuf
D:3 exclusion: 2 gnolls


Message History

Enter note:
Enter note:
Enter note:
Enter note:
Enter note:
Enter note:
Enter note:
Enter note:
2115 ||| READING 2 scrolls labelled ARASCHY PARAC.
As you read the scroll labelled ARASCHY PARAC, it crumbles to dust.
It is a scroll of identify.
Really abort (and waste the scroll)?
The gnoll hits you from afar with a +0 halberd!
2116 ||| READING 2 scrolls of teleportation.
As you read the scroll of teleportation, it crumbles to dust.
You feel strangely unstable. The gnoll completely misses you.
Enter note:
Enter note:
Enter note:
Enter note:
Enter note:
Enter note:
Enter note:
Enter note:
Enter note:
Enter note:
Enter note:
Enter note:
Enter note:
Enter note:
Enter note:
Enter note:
Enter note:
Enter note:
Enter note:
Enter note:
Enter note: The gnoll hits you from afar with a +0 halberd!
You die...

### .># #.###
....# #.#.# #.#.#
#######.#.#
#.......@.#
#.####..###
#.##...g.#
#.#..###.#
###....#<#)#
##........#.#
######....######.#
........#..).....#
#.....###.#######


You could see a gnoll.

Vanquished Creatures
  7 adders
  2 gnolls (D:3)
  2 worms (D:2)
  4 dart slugs
  2 endoplasms
  A giant cockroach (D:2)
  4 goblins
  4 hobgoblins
  3 quokkas
  3 ball pythons
  5 bats
  11 frilled lizards (D:1)
  7 kobolds
  2 rats (D:2)
57 creatures vanquished.

Notes
Turn   | Place    | Note
-------+----------+-------------------------------------------
     0 | D:1      | qw the Minotaur Hexslinger began the quest for the Orb.
     0 | D:1      | Reached XP level 1. HP: 16/16 MP: 1/1
     0 | D:1      | 0 ||| qw: Version: 0.3-a-26-gee661ec
     0 | D:1      | 0 ||| qw: Game counter: 7157
     0 | D:1      | 0 ||| qw: Melee chars always use a shield: true
     0 | D:1      | 0 ||| qw: God list: Okawaru
     0 | D:1      | 0 ||| qw: Allow faded altars: false
     0 | D:1      | 0 ||| qw: Do Orc after clearing Dungeon:15 true
     0 | D:1      | 0 ||| qw: Do second Lair branch before Depths: true
     0 | D:1      | 0 ||| qw: Lair rune preference: random
     0 | D:1      | 0 ||| qw: Goals: Normal
     0 | D:1      | 0 ||| PLANNING D:1-11
    64 | D:1      | Reached skill level 3 in Ranged Weapons
    66 | D:1      | Reached XP level 2. HP: 7/23 MP: 2/2
    72 | D:1      | 72 ||| FLEEEEING.
    73 | D:1      | 73 ||| FLEEEEING.
    74 | D:1      | 74 ||| FLEEEEING.
   684 | D:1      | Reached XP level 3. HP: 29/29 MP: 3/3
   856 | D:1      | 856 ||| UPGRADING to +0 ring mail.
   866 | D:1      | 866 ||| DROPPING +0 robe.
   867 | D:1      | 867 ||| READING scroll labelled HONOCV DEMOTE.
   871 | D:1      | 871 ||| DROPPING scroll of poison.
   952 | D:2      | HP: 5/29 [worm (7)]
   953 | D:2      | Reached skill level 4 in Ranged Weapons
  1110 | D:2      | Reached skill level 1 in Armour
  1144 | D:2      | Reached XP level 4. HP: 30/36 MP: 4/4
  1269 | D:2      | Found a runed translucent door.
  1270 | D:2      | Noticed Crazy Yiuf
  1588 | D:2      | 1588 ||| READING scroll labelled KUECUFFEEB.
  1690 | D:3      | 1690 ||| DRINKING 2 blue potions.
  1696 | D:3      | Found a faded altar of an unknown god.
  1699 | D:3      | Identified the +5 dagger of Exoneration {elec, MP+9 Int+2}
  1701 | D:3      | Found Toschubb's Assorted Antiques.
  1708 | D:3      | 1708 ||| BUYING fizzy purple potion (22 gold).
  1708 | D:3      | Bought a fizzy purple potion for 22 gold pieces
  1708 | D:3      | 1708 ||| SHOPLISTING glowing orcbow (162 gold, have 93).
  1708 | D:3      | 1708 ||| BUYING glowing puce potion (22 gold).
  1708 | D:3      | Bought a glowing puce potion for 22 gold pieces
  1708 | D:3      | 1708 ||| SHOPLISTING ivory wand (100 gold, have 71).
  1708 | D:3      | 1708 ||| BUYING scroll labelled ARASCHY PARAC (25 gold).
  1708 | D:3      | Bought a scroll labelled ARASCHY PARAC for 25 gold pieces
  1708 | D:3      | 1708 ||| BUYING white potion (22 gold).
  1708 | D:3      | Bought a white potion for 22 gold pieces
  1713 | D:3      | Identified the +4 dagger "Juitz" {drain, Str+3}
  1800 | D:3      | Reached skill level 5 in Ranged Weapons
  2077 | D:3      | Reached XP level 5. HP: 36/42 MP: 5/5
  2115 | D:3      | 2115 ||| READING 2 scrolls labelled ARASCHY PARAC.
  2115 | D:3      | HP: 3/44 [gnoll/+0 halberd (13)]
  2116 | D:3      | 2116 ||| READING 2 scrolls of teleportation.
  2118 | D:3      | Mangled by a gnoll

Levels and vault maps discovered:
D:1:      eino_arrival_cavern_b, layout_basic, minmay_lizard_king
D:2:      layout_rooms, chequers_serial_rivers_small_a, uniq_crazy_yiuf_cottage
D:3:      layout_basic, dreamdust_ecumenical_altar_angels_and_demons,
          serial_shops, shop

Skill      XL: |  1  2  3  4 |
---------------+-------------+-----
Ranged Weapons | 3 4 5 |  5.0
Fighting       | 2 |  2.9
Armour         | 1 |  1.4
Dodging        | |  2.1
Spellcasting   | |  1.0
Hexes          | |  2.0

Action                     |  1- 3 |  4- 6 || total
---------------------------+-------+-------++-------
   Fire: Sling             |   154 |    80 ||   234
    Use: Scroll            |     1 |     3 ||     4
         Potion            |       |     1 ||     1
 Armour: Robe              |    20 |       ||    20
         Ring mail         |    16 |    15 ||    31
  Dodge: Dodged            |    53 |    23 ||    76

Table legend:
 A = Non-vault XP
 B = Vault XP
 C = Vault XP percentage of total XP
 D = Non-vault monster count
 E = Vault monster count
 F = Vault count percentage of total count
                 A         B        C        D         E       F
            +---------+---------+-------+---------+---------+-------
      Total |     203 |      10 |   4.7 |      47 |      10 |  17.5
            +---------+---------+-------+---------+---------+-------
        D:1 |      33 |      10 |  23.3 |      17 |      10 |  37.0
        D:2 |      87 |       0 |   0.0 |      17 |       0 |   0.0
        D:3 |      83 |       0 |   0.0 |      13 |       0 |   0.0
            +---------+---------+-------+---------+---------+-------
